 Dungeon Crawl Stone Soup version 0.23.2-1-ga50397a (webtiles) character file.

Game seed: 3243471725420201365

10791 troglodite the Geomancer (level 11, 0/64 HPs)
             Began as a Gargoyle Earth Elementalist on May 20, 2019.
             Was a Priest of Dithmenos.
             Slain by a hell knight
             ... wielding a +1 scimitar
              (11 damage)
             ... on level 10 of the Dungeon.
             The game lasted 00:57:29 (14210 turns).

troglodite the Geomancer (GrEE)                    Turns: 14210, Time: 00:57:29

Health: 0/64       AC: 16    Str: 12    XL:     11   Next: 67%
Magic:  0/31       EV: 12    Int: 16    God:    Dithmenos [***...]
Gold:   568        SH:  8    Dex: 13    Spells: 19/25 levels left

rFire    . . .     SeeInvis +   t - +4 short sword
rCold    . . .     Gourm    .   c - +0 shield
rNeg     + + .     Faith    .   E - +3 leather armour {rN+}
rPois    ∞         Spirit   +   (no helmet)
rElec    +         Reflect  .   H - +1 cloak
rCorr    .         Harm     .   (no gloves)
MR       .....                  (no boots)
Stlth    +++.......             u - amulet of guardian spirit
HPRegen  0.20/turn              R - ring of see invisible
MPRegen  0.22/turn              y - ring of magical power

@: about to teleport, very slightly contaminated, wreathed by umbra
A: negative energy resistance 1, electricity resistance, unbreathing,
petrification resistance, rot immunity, AC +8
a: Shadow Step, Renounce Religion


You were on level 10 of the Dungeon.
You worshipped Dithmenos.
Dithmenos was most pleased with you.
You were hungry.

You visited 2 branches of the dungeon, and saw 12 of its levels.

You collected 568 gold pieces.

Inventory:

Hand Weapons
 j - a +2 hand axe of venom
 s - a +0 hunting sling of freezing
 t - a +4 short sword (weapon)
 N - a +0 vampiric falchion
Missiles
 b - 30 stones (quivered)
 P - 72 arrows
Armour
 c - a +0 shield (worn)
 v - a +0 troll leather armour
 E - a +3 leather armour of positive energy (worn)
 H - a +1 cloak (worn)
Jewellery
 u - an amulet of guardian spirit (around neck)
 y - a ring of magical power (right hand)
 R - a ring of see invisible (left hand)
Wands
 a - a wand of iceblast (9)
 i - a wand of acid (8)
 A - a wand of flame (13)
 B - a wand of random effects (21)
 K - a wand of enslavement (8)
Scrolls
 f - a scroll of fear {unknown}
 g - 4 scrolls of remove curse
 h - 2 scrolls of magic mapping {unknown}
 n - 2 scrolls of teleportation
 o - 5 scrolls of enchant weapon {unknown}
 w - a scroll of enchant armour {unknown}
 z - a scroll of random uselessness {unknown}
 C - a scroll of vulnerability {unknown}
 F - 2 scrolls of amnesia {unknown}
 L - a scroll of torment {unknown}
 M - a scroll of blinking {unknown}
Potions
 e - 2 potions of lignification
 l - 4 potions of curing
 m - 7 potions of brilliance
 p - 2 potions of agility
 q - a potion of cancellation
 r - 2 potions of invisibility
 x - a potion of mutation {unknown}
 D - 2 potions of flight
 G - a potion of berserk rage {unknown}
 I - a potion of might {unknown}
 J - 3 potions of magic
 O - a potion of resistance {unknown}
Comestibles
 d - 9 rations


   Skills:
 * Level 5.6 Fighting
 * Level 5.7 Short Blades
 - Level 0.4 Axes
 * Level 5.0 Slings
 + Level 2.8 Armour
 * Level 5.1 Dodging
 * Level 4.5 Stealth
 * Level 3.8 Shields
 * Level 7.5 Spellcasting
 * Level 5.9 Conjurations
 * Level 1.4 Transmutations
 * Level 10.2 Earth Magic


You had 19 spell levels left.
You knew the following spells:

 Your Spells              Type           Power        Failure   Level  Hunger
a - Sandblast             Erth           #####.       1%          1    None
b - Stone Arrow           Conj/Erth      ####..       7%          3    ##.....
c - Sticks to Snakes      Tmut           ##......     47%         2    None

Your spell library contained the following spells:

 Spells                   Type           Power        Failure   Level  Hunger
 Passwall                 Tmut/Erth      ###.....     9%          2    None
 Lee's Rapid Deconstruct  Erth           #####.....   26%         5    #####..
 Beastly Appendage        Tmut           ##....       34%         1    None
 Petrify                  Tmut/Erth      ###.....     52%         4    ####...
 Spider Form              Tmut/Pois      #.........   82%         3    ##.....
 Ice Form                 Ice/Tmut       #.......     99%         4    ####...
 Blade Hands              Tmut           ##........   100%        5    #####..


Dungeon Overview and Level Annotations

Branches:
Dungeon (11/15)            Temple (1/1) D:7            Lair (0/6) D:10
    Orc (0/2) D:9

Altars:
Ashenzari
Cheibriados
Dithmenos
Elyvilon
Fedhas
Gozag
Hepliaklqana
Kikubaaqudgha
Makhleb
Nemelex Xobeh
Okawaru
Qazlal
Ru
Sif Muna
Trog
Uskayaw
Vehumet
Wu Jian
Xom
Yredelemnul
Zin
The Shining One

Annotations:
D:9 3 runed translucent doors, laerbn's ghost, novice DsAr


Innate Abilities, Weirdness & Mutations

You are resistant to torment.
Your stone body is resilient. (AC +8)
You are immune to poison.
You resist negative energy. (rN+)
You are resistant to electric shocks. (rElec)
You can survive without breathing.
You are immune to petrification.
You are immune to rotting.


Message History

Aiming: Sandblast (safe; 1% risk of failure)
Press: ? - help, Shift-Dir - straight line, f/p - hell knight
Aim: a hell knight, wielding a +1 scimitar and wearing a +0 plate armour (heavily wounded, fast, umbra)
The blast of sand hits the hell knight!
The hell knight is severely wounded.
b - 30 stones You block the hell knight's attack.
You barely miss the hell knight.
The hell knight is severely wounded.
The hell knight casts a spell at you. Pain shoots through your body!
You hit the hell knight but do no damage.
The hell knight is severely wounded.
The hell knight hits you with a +1 scimitar!
* * * LOW HITPOINT WARNING * * *
You block the hell knight's attack.
As you read the scroll of teleportation, it crumbles to dust.
You feel strangely unstable. You block the hell knight's attack.
The hell knight hits you with a +1 scimitar!
You die...

####...#.# #.#.#
...#..§≈.# #.#.#
####.§.§.# #.#.#
#......≈.# #.#.#
#.....§§.#% .#.#.#
#......≈§#.#####.#.#.#
#......#§#.).§...#.#.#
'......#.###≈≈≈###.#.#
'......#.....§..@p.#.#
'......#############.#
#....................#
#............#########
#'####.......######
.....#............#
.....#...)........#
.....#............#
.....#............#


You could see a hell knight.

Vanquished Creatures
  A two-headed ogre (D:10)
  An unseen horror (D:10)
  A necromancer (D:10)
  Joseph (D:9)
  A queen bee (D:10)
  3 trolls (D:9)
  9 yaks
  3 wyverns (D:10)
  7 hell hounds (D:10)
  Duvessa (D:7)
  2 water moccasins (D:8)
  An ice beast (D:6)
  3 phantoms
  A sky beast (D:7)
  A swamp drake (D:10)
  6 orc warriors
  A necrophage (D:10)
  4 ogres
  4 centaurs
  2 crocodiles (D:10)
  Blork the orc (D:6)
  4 bullfrogs
  Dowan (D:7)
  A wyvern skeleton (D:10)
  3 scorpions
  13 killer bees (D:10)
  4 wights (D:10)
  3 howler monkeys
  5 electric eels (D:6)
  3 crimson imps
  A centaur zombie (D:7)
  6 hounds
  3 bullfrog skeletons
  9 orc priests
  A centaur skeleton (D:6)
  11 orc wizards
  2 iguanas
  10 worker ants
  Terence (D:2)
  A killer bee zombie (D:6)
  A hound zombie (D:7)
  4 hound skeletons
  A worker ant zombie (D:5)
  10 adders
  2 shadow imps
  5 oozes
  2 worms
  A dart slug (D:2)
  7 leopard geckos
  50 orcs
  2 bats
  5 giant cockroaches
  7 goblins
  A hobgoblin (D:2)
  6 jackals
  5 kobolds
  A quokka (D:8)
  A ball python (D:2)
  2 frilled lizards
  A quokka zombie (D:6)
  3 rats
253 creatures vanquished.

Notes
Turn   | Place    | Note
-------+----------+-------------------------------------------
     0 | D:1      | troglodite the Gargoyle Earth Elementalist began the quest
                  | for the Orb.
     0 | D:1      | Reached XP level 1. HP: 10/10 MP: 3/3
   549 | D:1      | Reached skill level 4 in Earth Magic
   549 | D:1      | Reached XP level 2. HP: 16/16 MP: 0/5
   668 | D:1      | Reached XP level 3. HP: 17/20 MP: 1/6
   690 | D:1      | Learned a level 3 spell: Stone Arrow
  1049 | D:2      | Noticed Terence
  1064 | D:2      | Killed Terence
  1064 | D:2      | Reached skill level 1 in Fighting
  1223 | D:2      | Reached XP level 4. HP: 25/25 MP: 7/7
  1460 | D:2      | Reached skill level 5 in Earth Magic
  1773 | D:3      | Found a faded altar of an unknown god.
  2718 | D:4      | Found a shadowy altar of Dithmenos.
  2766 | D:4      | Reached skill level 1 in Conjurations
  2796 | D:4      | Reached XP level 5. HP: 29/29 MP: 5/8
  2925 | D:4      | Noticed a phantom
  2945 | D:4      | Killed a phantom
  2945 | D:4      | Reached skill level 1 in Short Blades
  2945 | D:4      | Reached skill level 1 in Slings
  2945 | D:4      | Reached XP level 6. HP: 35/35 MP: 2/10
  3111 | D:4      | Found a blossoming altar of Fedhas.
  3113 | D:4      | Found a shattered altar of Ashenzari.
  3534 | D:5      | Entered Level 5 of the Dungeon
  3917 | D:5      | Reached skill level 6 in Earth Magic
  3917 | D:5      | Reached XP level 7. HP: 39/39 MP: 11/11
  4249 | D:5      | Found a sacrificial altar of Ru.
  4333 | D:5      | Found a burning altar of Makhleb.
  4440 | D:5      | Reached skill level 1 in Armour
  4493 | D:4      | Became a worshipper of Dithmenos the Shadowed
  4700 | D:6      | Reached XP level 8. HP: 38/44 MP: 14/14
  4823 | D:6      | Reached skill level 7 in Earth Magic
  5063 | D:6      | Reached * piety under Dithmenos
  5465 | D:6      | Noticed Blork the orc
  5471 | D:6      | Killed Blork the orc
  5970 | D:7      | Reached skill level 5 in Spellcasting
  6121 | D:7      | Reached XP level 9. HP: 51/51 MP: 16/16
  6198 | D:7      | Noticed Duvessa
  6201 | D:7      | Found a staircase to the Ecumenical Temple.
  6201 | D:7      | Noticed Dowan
  6219 | D:7      | Killed Duvessa
  6223 | D:7      | Killed Dowan
  6370 | D:7      | Reached skill level 8 in Earth Magic
  6376 | D:7      | Found an opulent altar of Gozag.
  6391 | Temple   | Entered the Ecumenical Temple
  7051 | D:7      | Found an opulent altar of Gozag.
  8254 | D:8      | Found a sacrificial altar of Ru.
  8390 | D:8      | Reached ** piety under Dithmenos
  8531 | D:8      | Reached XP level 10. HP: 34/56 MP: 9/19
  9381 | D:9      | Found a staircase to the Orcish Mines.
  9484 | D:9      | Found a bloodstained altar of Trog.
  9666 | D:9      | Reached skill level 1 in Shields
  9666 | D:9      | Reached skill level 9 in Earth Magic
  9741 | D:9      | Noticed Joseph
  9757 | D:9      | Killed Joseph
  9758 | D:9      | Noticed a centaur warrior
  9848 | D:9      | Found a runed translucent gate.
  9850 | D:9      | Found a runed translucent gate.
  9851 | D:9      | Found a runed translucent gate.
  9853 | D:9      | Noticed a kobold demonologist
  9853 | D:9      | Noticed laerbn's ghost (novice DsAr)
 10388 | D:9      | Reached *** piety under Dithmenos
 10388 | D:9      | Reached skill level 5 in Short Blades
 10867 | D:10     | Entered Level 10 of the Dungeon
 10937 | D:10     | Reached skill level 5 in Conjurations
 11518 | D:10     | You fall through a shaft!
 11777 | D:10     | Reached XP level 11. HP: 48/62 MP: 11/21
 11875 | D:10     | Learned a level 2 spell: Sticks to Snakes
 11898 | D:10     | Reached skill level 5 in Fighting
 12140 | D:10     | Noticed a two-headed ogre
 12154 | D:10     | Killed a two-headed ogre
 12543 | D:9      | Reached skill level 1 in Transmutations
 12543 | D:9      | Reached skill level 10 in Earth Magic
 12872 | D:10     | Reached skill level 5 in Dodging
 13171 | D:10     | Found a staircase to the Lair.
 13411 | D:10     | Noticed an unseen horror
 13421 | D:10     | Killed an unseen horror
 13516 | D:10     | Noticed a necromancer
 13625 | D:10     | Noticed a necromancer
 13626 | D:10     | Noticed a hell knight
 13636 | D:10     | Noticed a hell knight
 13939 | D:10     | Killed a necromancer
 13939 | D:10     | Reached skill level 5 in Slings
 14175 | D:10     | Noticed a hell knight
 14183 | D:10     | Noticed a hell knight
 14210 | D:10     | Slain by a hell knight

Skill      XL: |  1  2  3  4  5  6  7  8  9 10 11 |
---------------+----------------------------------+-----
Earth Magic    | 4 5 6 7 8 9 10 | 10.2
Fighting       | 1 2 3 4 5 |  5.6
Dodging        | 2 3 4 5 |  5.1
Conjurations   | 1 2 4 5 |  5.9
Short Blades   | 1 2 3 4 5 |  5.7
Slings         | 1 2 3 4 5 |  5.0
Spellcasting   | 3 4 5 6 7 |  7.5
Armour         | 1 2 |  2.8
Stealth        | 3 4 |  4.5
Shields        | 3 |  3.8
Transmutations | 1 |  1.4
Axes           | |  0.4

Action                   |  1- 3 |  4- 6 |  7- 9 | 10-12 || total
-------------------------+-------+-------+-------+-------++-------
Melee: Dagger            |     8 |       |       |       ||     8
       Hand axe          |    29 |    16 |       |       ||    45
       Short sword       |       |    50 |   265 |   301 ||   616
 Cast: Sandblast         |    14 |    49 |    78 |   118 ||   259
       Stone Arrow       |       |       |    69 |   114 ||   183
  Use: Scroll            |       |     8 |     1 |     5 ||    14
       Potion            |       |       |       |     2 ||     2
 Stab: Sleeping          |       |     3 |     1 |     1 ||     5
  Eat: Chunk             |       |    10 |    12 |    17 ||    39
       Ration            |       |       |     2 |     3 ||     5
Armor: Robe              |    16 |     4 |       |       ||    20
       Leather armour    |       |    30 |   122 |   145 ||   297
Dodge: Dodged            |    22 |    52 |   199 |   197 ||   470
Block: Shield            |       |       |       |   131 ||   131
